AoeStats
← Codiman

Arena

510456375Analyzed
4v4 RM · 6h ago on Oct 1, 2026· 32m 36s· 8 players
Game mode
Random Map
Map size
Large (8 player)
Population
200
Speed
Normal
Resources
Standard
Victory
Conquest
Starting age
Dark Age
Ending age
Imperial Age
RankedLock teamsTeams togetherTeam positionsShared explorationLock speedFull tech treeHidden civsTurbo modeCheats
Victory
Defeat
🇨🇱 Danes · Chile
1392
+15
🇨🇴 Malians · Colombia
1382
+15
🇧🇴 Cumans · Bolivia
1358
+16
🇺🇸 Spanish · United States
1285
+19
🇨🇦 Vikings · Canada
1389
-17
🇵🇦 Saxons · Panama
1364
-16
🇸🇬 Mongols · Singapore
1357
-16
🇨🇳 Malay · China
1344
-16
Corsica
10:44 Feudal Age
14:55 Castle Age
13:59 Scale Barding Armor
14:17 Loom
14:30 Double-Bit Axe
14:49 Horse Collar
16:47 Loom
22:31 Town Watch
27:06 Fletching
27:29 Crossbowman
28:26 Bodkin Arrow
Xerg
10:17 Feudal Age
14:03 Castle Age
15:03 Double-Bit Axe
16:50 Loom
23:16 Wheelbarrow
22:32 Town Watch
22:25 Clerical Recruitment
25:00 Sanctity
28:25 Imperial Age
26:54 Masonry
28:20 Town Patrol
28:35 Hand Cart
29:23 Block Printing
29:37 Illumination
32:05 Theocracy
32:30 Redemption
33:07 Bow Saw
73624617386501790
5:21 Loom
8:56 Feudal Age
9:25 Double-Bit Axe
8316699
9:47 Feudal Age
13:41 Castle Age
12:39 Double-Bit Axe
12:35 Horse Collar
17:06 Bow Saw
22:28 Heavy Plow
23:11 Wheelbarrow
24:26 Gold Mining
24:28 Stone Mining
24:44 Scale Barding Armor
24:50 Forging
27:22 Imperial Age
26:22 Hand Cart
27:16 Gold Shaft Mining
27:03 Bloodlines
26:53 Husbandry
27:27 Husbandry
28:49 Stone Shaft Mining
28:35 Chain Barding Armor
29:46 Elite Steppe Lancer
32:27 Iron Casting
31:39 Loom
32:36 Conscription
Beller
10:48 Feudal Age
14:21 Castle Age
12:59 Double-Bit Axe
23:39 Imperial Age
24:43 Bow Saw
31:30 Horse Collar
32:34 Husbandry
Dadagama
10:25 Feudal Age
11:27 Double-Bit Axe
11:23 Horse Collar
12:24 Wheelbarrow
16:06 Castle Age
17:07 Bow Saw
17:06 Heavy Plow
23:23 Loom
24:39 Gold Mining
28:17 Imperial Age
26:32 Scale Barding Armor
26:37 Forging
27:33 Gold Shaft Mining
28:19 Chain Barding Armor
28:51 Bloodlines
28:41 Husbandry
28:41 Heavy Camel Rider
31:20 Plate Barding Armor
30:50 Farimba
32:43 Iron Casting
Rayita
5:54 Loom
8:49 Feudal Age
9:14 Man-at-Arms
10:31 Arson
11:24 Double-Bit Axe
18:10 Horse Collar
20:32 Town Watch
25:23 Castle Age
24:38 Scale Mail Armor
24:57 Gold Mining
25:19 Forging
25:26 Pikeman
26:06 Squires
26:23 Chain Mail Armor
26:34 Gambesons
30:56 Iron Casting
Codiman
9:44 Feudal Age
12:19 Double-Bit Axe
12:24 Loom
14:40 Horse Collar
23:29 Scale Mail Armor
23:39 Forging
27:01 Castle Age
26:52 Forging
27:05 Pikeman
28:15 Squires
28:52 Iron Casting
28:32 Chain Mail Armor
29:47 Wheelbarrow
29:42 Capped Ram
30:40 Chain Mail Armor
30:42 Scale Barding Armor
32:32 Bloodlines
32:45 Chain Barding Armor
Connection lost

Rejoining the realm…

Still unreachable

The connection could not be restored.

Session expired

The server has moved on; the page needs a fresh start.